 Dungeon Crawl Stone Soup version 0.18.1-50-g88ac8fd (webtiles) character file.

4747 0gre the Fighter (level 10, -1/65 HPs)
             Began as a Gargoyle Fighter on Dec 25, 2016.
             Was an Elder of Nemelex Xobeh.
             Slain by a hill giant
             ... wielding a +0 giant club
              (14 damage)
             ... on level 10 of the Dungeon on Dec 26, 2016.
             The game lasted 00:56:37 (8265 turns).

0gre the Fighter (Gargoyle Fighter)                 Turns: 8265, Time: 00:56:38

Health: -1/65      AC: 24    Str: 22      XL:     10   Next: 46%
Magic:  13/13      EV:  6    Int:  9      God:    Nemelex Xobeh [****..]
Gold:   460        SH: 11    Dex:  8 (10) Spells: 0 memorised, 9 levels left

rFire  + . .     SeeInvis .     a - +0 flail (crush)
rCold  . . .     Gourm    .     l - +0 plate armour
rNeg   + . .     Faith    .     j - +0 shield
rPois  ∞         Spirit   .     k - +1 helmet
rElec  +         Dismiss  .     L - +1 cloak {MR+}
rCorr  .         Reflect  .     (no gloves)
SustAt .         Harm     .     (no boots)
MR     +....                    K - amulet of regeneration
Stlth  ..........               u - +2 ring of slaying
                                v - ring of protection from fire

@: somewhat resistant to hostile enchantments, extremely unstealthy
A: negative energy resistance 1, electricity resistance, unbreathing,
petrification resistance, rot immunity, AC +7
a: Triple Draw, Deal Four, Renounce Religion


You were on level 10 of the Dungeon.
You worshipped Nemelex Xobeh.
Nemelex Xobeh was greatly pleased with you.
You were hungry.

You visited 1 branch of the dungeon, and saw 10 of its levels.

You collected 460 gold pieces.

Inventory:

Hand Weapons
 a - a +0 flail of crushing (weapon)
 b - a +1 hunting sling
Missiles
 e - 31 sling bullets
 f - 62 bolts
Armour
 i - a +2 cloak
 j - a +0 shield (worn)
 k - a +1 helmet (worn)
 l - a +0 plate armour (worn)
 L - a +1 cloak of magic resistance (worn)
Jewellery
 g - a +4 ring of dexterity
 n - an uncursed ring of see invisible
 r - an uncursed ring of flight
 u - a +2 ring of slaying (right hand)
 v - a ring of protection from fire (left hand)
 E - an uncursed ring of protection from cold
 K - an amulet of regeneration (around neck)
 O - a +4 ring of evasion
Wands
 m - a wand of polymorph (9/24)
 s - a wand of polymorph (10/24)
 w - a wand of teleportation (2/9)
 z - a wand of slowing (42/48)
 H - a wand of lightning (10/15)
 I - a wand of teleportation (4/9)
 T - a wand of lightning (3/15)
Scrolls
 c - 2 scrolls of teleportation
 t - 3 scrolls of magic mapping
 y - 3 scrolls of remove curse
 R - 2 scrolls of fear
 V - a scroll of identify
Potions
 d - 2 potions of might
 h - 2 potions of curing
 o - 3 potions of brilliance
 q - 4 potions of agility
 D - a potion of cure mutation
 N - a potion of flight
 P - a potion of invisibility
 Q - a potion of cancellation
Miscellaneous
 x - a plain deck of war {drawn: 7}
 C - a plain deck of destruction {drawn: 2}
 G - a legendary deck of destruction {drawn: 1}
 J - an ornate deck of war {the Dance, drawn: 1}
 M - a plain deck of war
 S - a plain deck of escape
 W - a legendary deck of war {drawn: 1}
Comestibles
 p - 3 meat rations
 A - a slice of pizza
 B - a beef jerky
 F - 7 fruits
 U - a bread ration


   Skills:
 * Level 8.6 Fighting
 + Level 5.8 Maces & Flails
 * Level 4.5 Slings
 + Level 6.4 Armour
 + Level 3.4 Dodging
 + Level 0.8 Stealth
 + Level 8.0 Shields
 * Level 4.5 Evocations


You had 9 spell levels left.
You didn't know any spells.

Dungeon Overview and Level Annotations

Branches:
Dungeon (10/15)            Temple (0/1) D:6            Lair (0/8) D:10
    Orc: D:9-12

Altars:
Cheibriados
Kikubaaqudgha
Makhleb
Nemelex Xobeh
Ru
Sif Muna


Innate Abilities, Weirdness & Mutations

You are resistant to torment.
Your stone body is resilient (AC +7).
You are immune to poison.
You resist negative energy.
You are resistant to electric shocks.
You can survive without breathing.
You are immune to petrification.
You are immune to rotting.


Message History

The hill giant barely misses you.
You hit the hill giant.
The hill giant is almost dead.
The hill giant barely misses you.
You sock the hill giant!
The hill giant is almost dead.
The hill giant hits you with a giant club!
You barely miss the hill giant.
The hill giant is almost dead.
The hill giant hits you with a giant club!!
* * * LOW HITPOINT WARNING * * *
There is an open door here.
The crimson imp picks up a beetle and eats it.
The crimson imp blinks!
You barely miss the crimson imp. The crimson imp completely misses you.
The hill giant closely misses you.
You closely miss the crimson imp. You block the crimson imp's attack.
The hill giant hits you with a giant club!
You die...
Your body glows with a rainbow of weird colours and disappears.

#.(....%...
##'######.. #.# #.#
#.# #.#######
#.#.....# # #.#.....#
# #.....@.# #
###...C.# # #(..5.# #
###.#################
#...........(......
################### #
#


You could see a hill giant and a crimson imp.

Vanquished Creatures
  Joseph (D:9)
  Grinder (D:5)
  Sigmund (D:4)
  A water moccasin (D:8)
  2 hell hounds (D:10)
  An ice beast (D:6)
  An orc warrior (D:9)
  2 sky beasts
  A necrophage (D:8)
  4 ogres
  A phantom (D:7)
  5 centaurs
  3 big kobolds
  7 giant frogs
  2 scorpions
  6 howler monkeys
  4 crimson imps
  A wasp zombie (D:8)
  A centaur zombie (D:5)
  A quasit (D:10)
  3 orc priests
  5 hounds
  2 jellies
  A giant frog zombie (D:7)
  2 gnoll shamans
  Crazy Yiuf (D:7)
  A centaur skeleton (D:7)
  Natasha (D:2)
  3 orc wizards
  5 worker ants
  A hound zombie (D:5)
  2 hound skeletons
  2 worker ant zombies
  14 gnolls
  7 adders
  A shadow imp (D:6)
  2 oozes
  An adder zombie (D:6)
  3 adder skeletons
  4 giant geckos
  6 orcs
  A bat zombie (D:4)
  4 giant cockroaches
  7 goblins
  5 hobgoblins
  4 jackals
  12 kobolds
  3 quokkas
  2 ball pythons
  10 bats
  3 giant newts
  A jackal skeleton (D:4)
  A quokka skeleton (D:6)
  7 rats
173 creatures vanquished.

Vanquished Creatures (collateral kills)
  Menkaure (D:4)
  Duvessa (D:4)
  Dowan (D:4)
  An orc wizard (D:5)
  An iguana (D:4)
  3 gnolls (D:4)
  An adder skeleton (D:4)
9 creatures vanquished.

Vanquished Creatures (others)
  A fungus (D:7)
1 creature vanquished.

Grand Total: 183 creatures vanquished

Notes
Turn   | Place    | Note
--------------------------------------------------------------
     0 | D:1      | 0gre the Gargoyle Fighter began the quest for the Orb.
     0 | D:1      | Reached XP level 1. HP: 14/14 MP: 1/1
   221 | D:1      | Reached XP level 2. HP: 17/19 MP: 2/2
  1135 | D:2      | Reached XP level 3. HP: 24/24 MP: 3/3
  1568 | D:2      | Noticed Natasha
  1586 | D:2      | Killed Natasha
  1586 | D:2      | Reached XP level 4. HP: 6/29 MP: 4/4
  2518 | D:3      | Found a sparkling altar of Nemelex Xobeh.
  2524 | D:3      | Became a worshipper of Nemelex Xobeh the Trickster
  2551 | D:4      | Received a gift from Nemelex Xobeh
  2577 | D:4      | Reached skill level 1 in Dodging
  2577 | D:4      | Reached XP level 5. HP: 30/33 MP: 5/5
  2595 | D:4      | Noticed Duvessa
  2596 | D:4      | Noticed Dowan
  2601 | D:4      | Killed Duvessa
  2603 | D:4      | Killed Dowan
  2603 | D:4      | Reached XP level 6. HP: 38/38 MP: 6/6
  2648 | D:4      | Noticed Menkaure
  2656 | D:4      | Killed Menkaure
  2656 | D:4      | Reached skill level 5 in Shields
  2705 | D:4      | Reached skill level 1 in Evocations
  2809 | D:4      | Reached * piety under Nemelex Xobeh
  2840 | D:4      | Noticed Sigmund
  2890 | D:4      | Killed Sigmund
  2890 | D:4      | Reached XP level 7. HP: 22/44 MP: 6/8
  3017 | D:4      | Received a gift from Nemelex Xobeh
  3160 | D:4      | Found an ancient bone altar of Kikubaaqudgha.
  3465 | D:4      | Reached skill level 1 in Slings
  3465 | D:4      | Reached skill level 5 in Armour
  3513 | D:5      | Entered Level 5 of the Dungeon
  3733 | D:5      | Reached skill level 5 in Fighting
  3733 | D:5      | Reached XP level 8. HP: 31/49 MP: 9/9
  4000 | D:5      | Found a burning altar of Makhleb.
  4120 | D:5      | Found a sacrificial altar of Ru.
  4158 | D:5      | Noticed Grinder
  4183 | D:5      | Killed Grinder
  4201 | D:5      | Reached ** piety under Nemelex Xobeh
  4201 | D:5      | Received a gift from Nemelex Xobeh
  4750 | D:6      | Found a staircase to the Ecumenical Temple.
  4794 | D:6      | Reached XP level 9. HP: 45/55 MP: 11/11
  4933 | D:6      | Received a gift from Nemelex Xobeh
  5306 | D:7      | Reached skill level 5 in Maces & Flails
  5329 | D:7      | Noticed Crazy Yiuf
  5333 | D:7      | Killed Crazy Yiuf
  6187 | D:8      | Reached *** piety under Nemelex Xobeh
  6203 | D:8      | Found a deep blue altar of Sif Muna.
  6456 | D:8      | Reached XP level 10. HP: 63/64 MP: 13/13
  6768 | D:8      | Received a gift from Nemelex Xobeh
  6851 | D:8      | Found a snail-covered altar of Cheibriados.
  7429 | D:9      | Received a gift from Nemelex Xobeh
  7475 | D:9      | Noticed Joseph
  7500 | D:9      | Killed Joseph
  7661 | D:9      | Reached **** piety under Nemelex Xobeh
  7951 | D:10     | Entered Level 10 of the Dungeon
  7956 | D:10     | Found a staircase to the Lair.
  8096 | D:10     | Received a gift from Nemelex Xobeh
  8236 | D:10     | Noticed a hill giant
  8249 | D:10     | HP: 3/65 [hill giant/giant club (29)]
  8265 | D:10     | Slain by a hill giant

Skill      XL: |  1  2  3  4  5  6  7  8  9 10 |
---------------+-------------------------------+-----
Armour         | 4 5 6 |  6.4
Shields        | 4 5 6 7 8 |  8.0
Fighting       | 4 5 7 8 |  8.6
Dodging        | 1 2 3 |  3.4
Evocations     | 1 2 3 4 |  4.5
Maces & Flails | 3 4 5 |  5.8
Slings         | 1 2 4 |  4.5
Stealth        | |  0.8

Action                   |  1- 3 |  4- 6 |  7- 9 | 10-12 || total
-------------------------+-------+-------+-------+-------++-------
Melee: Flail             |   129 |   171 |   374 |   232 ||   906
 Fire: Hunting sling     |       |     4 |     3 |    28 ||    35
Evoke: Deck              |       |     6 |     3 |     3 ||    12
       Wand              |       |       |     3 |     1 ||     4
  Use: Scroll            |     4 |     4 |    12 |     1 ||    21
       Potion            |     1 |     1 |     6 |       ||     8
  Eat: Chunk             |     2 |     2 |     5 |     1 ||    10
       Bread ration      |       |     1 |     2 |       ||     3
       Pizza             |       |       |     1 |       ||     1
       Fruit             |       |       |     1 |       ||     1
Armor: Scale mail        |    73 |   133 |     8 |       ||   214
       Chain mail        |       |       |    12 |       ||    12
       Plate armour      |       |       |   273 |   134 ||   407
Dodge: Dodged            |    47 |    67 |   110 |    78 ||   302
Block: Shield            |    63 |   122 |   262 |   131 ||   578
